 Dungeon Sprint DCSS version 0.19-a0-1786-g230130f (webtiles) character file.

166 wazuzu the Destroyer (level 5, 0/38 HPs)
             Began as a Draconian Conjurer on Oct 3, 2016.
             Was an Initiate of Dithmenos.
             Slain by a hill giant
             ... wielding a +0 giant club
              (20 damage)
             ... in the Dungeon (Sprint IX: "|||||||||||||||||||||||||||||").
             The game lasted 00:03:33 (452 turns).

wazuzu the Destroyer (Draconian Conjurer)            Turns: 452, Time: 00:03:34

Health: 0/38       AC:  7    Str: 11    XL:     5   Next: 22%
Magic:  3/13       EV: 12    Int: 21    God:    Dithmenos [......]
Gold:   0          SH:  0    Dex: 11    Spells: 1 memorised, 14 levels left

rFire  + . .     SeeInvis .     m - +1 broad axe of Trial by Ordeal {vamp, rF+ rC+ Int+2}
rCold  + . .     Gourm    .     (armour unavailable)
rNeg   . . .     Faith    .     (no shield)
rPois  .         Spirit   .     (helmet restricted)
rElec  .         Dismiss  .     (no cloak)
rCorr  .         Reflect  .     (no gloves)
MR     .....     Harm     .     (no boots)
Stlth  ++........ NoTele   +    (no amulet)
                                i - +2 ring of protection
                                b - +3 ring of intelligence

@: no status effects
A: unfitting armour, cold-blooded, AC +5
a: Renounce Religion


You were in the Dungeon.
You worshipped Dithmenos.
Dithmenos was noncommittal.
You were not hungry.

You visited 1 branch

Inventory:

Hand Weapons
 m - the +1 broad axe of Trial by Ordeal (weapon) {vamp, rF+ rC+ Int+2}
   (You found it in the Dungeon)

   It inflicts no extra harm, but heals its wielder somewhat when it strikes a
   living foe.
   It affects your intelligence (+2).
   It protects you from fire.
   It protects you from cold.
Jewellery
 b - a +3 ring of intelligence (left hand)
 i - a +2 ring of protection (right hand)
Wands
 k - a wand of acid (7/15)
Scrolls
 g - 3 scrolls of remove curse
 h - 2 scrolls of blinking
 j - 2 scrolls of amnesia
Potions
 c - 2 potions of magic
 d - a potion of invisibility
 e - 2 potions of heal wounds
 f - 4 potions of curing
Books
 a - a book of Conjurations

   Spells                             Type                      Level
   a - Magic Dart                     Conjuration                  1
   b - Searing Ray                    Conjuration                  2
   c - Dazzling Spray                 Conjuration/Hexes            3
   d - Fulminant Prism                Conjuration/Hexes            4
   e - Iskenderun's Mystic Blast      Conjuration                  4
   f - Iskenderun's Battlesphere      Conjuration/Charms           5


   Skills:
 + Level 3.0 Axes
 - Level 1.7 Dodging
 - Level 1.7 Stealth
 + Level 5.6 Spellcasting
 * Level 9.3 Conjurations


You had 14 spell levels left.
You knew the following spells:

 Your Spells              Type           Power        Failure   Level  Hunger
a - Magic Dart            Conj           ####         1%          1    None


Dungeon Overview and Level Annotations

Branches:
Dungeon (1/1)

Altars:
Cheibriados
Dithmenos
Elyvilon
Fedhas
Gozag
Hepliaklqana
Kikubaaqudgha
Makhleb
Nemelex Xobeh
Okawaru
Qazlal
Ru
Sif Muna
Trog
Uskayaw
Vehumet
Xom
Yredelemnul
Zin
The Shining One
Beogh
Jiyva
Lugonu


Innate Abilities, Weirdness & Mutations

Your plain brown scales are hard. (AC +5)
You cannot fit into any form of body armour.
You are cold-blooded and may be slowed by cold attacks.


Message History

Your Axes skill gained 3 levels and is now at level 3!
Your Spellcasting skill increases to level 5!
Your Conjurations skill gained 2 levels and is now at level 9!
You have reached level 5!
The bat skeleton hits you but does no damage. x2
You slash the bat skeleton!
You destroy the bat skeleton!
Dithmenos accepts your kill. The orc closely misses you.
You closely miss the orc.
Your tail-slap misses the orc.
The orc barely misses you.
You closely miss the orc. The orc closely misses you.
You slash the hill giant!
You feel better.
The hill giant is moderately wounded.
The hill giant hits you with a giant club!!
You hit the hill giant but do no damage.
The hill giant is moderately wounded.
The hill giant hits you with a giant club!!
Ouch! That really hurt!
You die... ▓▓▓▓▓▓▓▓▓▓▓▓▓▓▓▓▓▓▓▓▓▓▓▓ ...aZoC@.[[[)|..'.______ ▓▓▓▓▓▓▓▓▓▓▓▓▓▓▓▓▓▓▓▓▓▓▓▓

You could see a hill giant, a worker ant, an orc and a ball python skeleton.

Vanquished Creatures
  An ice beast (D)
  A howler monkey (D)
  A crimson imp (D)
  An adder skeleton (D)
  2 bat skeletons (D)
  A hobgoblin (D)
  A quokka (D)
  A ball python (D)
  A frilled lizard (D)
  A kobold (D)
  A rat (D)
12 creatures vanquished.

Notes
Turn   | Place    | Note
-------+----------+-------------------------------------------
     0 | D        | wazuzu the Draconian Conjurer began the quest for the Orb.
     0 | D        | Reached XP level 1. HP: 14/14 MP: 3/3
   101 | D        | Noticed a howler monkey
   101 | D        | Noticed a crimson imp
   108 | D        | Reached skill level 5 in Conjurations
   112 | D        | Reached XP level 2. HP: 16/20 MP: 3/5
   126 | D        | Killed a howler monkey
   126 | D        | Reached skill level 7 in Conjurations
   126 | D        | Reached XP level 3. HP: 12/26 MP: 1/8
   214 | D        | Reached XP level 4. HP: 8/33 MP: 0/10
   224 | D        | Found a roughly hewn altar of Beogh.
   224 | D        | Found a snail-covered altar of Cheibriados.
   224 | D        | Found a shadowy altar of Dithmenos.
   224 | D        | Found a white marble altar of Elyvilon.
   224 | D        | Found a blossoming altar of Fedhas.
   224 | D        | Found an opulent altar of Gozag.
   225 | D        | Found a hazy altar of Hepliaklqana.
   226 | D        | Found a viscous altar of Jiyva.
   227 | D        | Found an ancient bone altar of Kikubaaqudgha.
   228 | D        | Found a corrupted altar of Lugonu.
   229 | D        | Became a worshipper of Dithmenos the Shadowed
   230 | D        | Found a burning altar of Makhleb.
   231 | D        | Found a sparkling altar of Nemelex Xobeh.
   232 | D        | Found an iron altar of Okawaru.
   233 | D        | Found a stormy altar of Qazlal.
   234 | D        | Found a sacrificial altar of Ru.
   235 | D        | Found a deep blue altar of Sif Muna.
   236 | D        | Found a bloodstained altar of Trog.
   237 | D        | Found a hide-covered altar of Uskayaw.
   238 | D        | Found a radiant altar of Vehumet.
   239 | D        | Found a shimmering altar of Xom.
   240 | D        | Found a basalt altar of Yredelemnul.
   241 | D        | Found a glowing silver altar of Zin.
   242 | D        | Found a glowing golden altar of the Shining One.
   264 | D        | Got the +1 broad axe of Trial by Ordeal {vamp, rF+ rC+ Int+2}
   438 | D        | Noticed a hill giant
   438 | D        | Noticed an ice beast
   447 | D        | Killed an ice beast
   447 | D        | Reached skill level 5 in Spellcasting
   447 | D        | Reached skill level 9 in Conjurations
   447 | D        | Reached XP level 5. HP: 32/38 MP: 1/13
   452 | D        | Slain by a hill giant

Vault maps used:
D:        linesprint

Skill      XL: |  1  2  3  4 |
---------------+-------------+-----
Conjurations   | 5 7 9 |  9.3
Spellcasting   | 3 4 5 |  5.6
Axes           | 3 |  3.0
Dodging        | |  1.7
Stealth        | |  1.7

Action                   |  1- 3 |  4- 6 || total
-------------------------+-------+-------++-------
Melee: Unarmed           |    14 |       ||    14
       Club              |    50 |       ||    50
       Tailslap          |     2 |       ||     2
       Broad axe         |       |     5 ||     5
 Cast: Magic Dart        |    26 |    10 ||    36
  Use: Potion            |     6 |       ||     6
  Eat: Bread ration      |       |     1 ||     1
Armor: Skin              |    25 |     5 ||    30
Dodge: Dodged            |    56 |     6 ||    62
